 Dungeon Crawl Stone Soup version 0.20.1-1-g8b1a95d (webtiles) character file.

196 tmwrnj the Chopper (level 5, -4/47 HPs)
             Began as a Hill Orc Fighter on July 23, 2017.
             Slain by a gnoll
             ... wielding a +0 halberd
              (5 damage)
             ... on level 3 of the Dungeon.
             The game lasted 00:07:37 (2768 turns).

tmwrnj the Chopper (Hill Orc Fighter)               Turns: 2768, Time: 00:07:39

Health: -4/47      AC:  9    Str: 20    XL:     5   Next: 75%
Magic:  5/5        EV:  5    Int:  8    God:
Gold:   167        SH:  9    Dex: 10    Spells: 4/4 levels left

rFire    . . .     SeeInvis .   a - +0 war axe
rCold    . . .     Gourm    .   c - +0 shield
rNeg     . . .     Faith    .   r - +0 chain mail
rPois    .         Spirit   .   (no helmet)
rElec    .         Reflect  .   (no cloak)
rCorr    .         Harm     .   (no gloves)
MR       .....                  (no boots)
Stlth    ..........             (no amulet)
Regen    0.2/turn               (no ring)
MPRegen  0.1/turn               (no ring)

@: lethally poisoned (-4 -> -6)
A: no striking features
a: no special abilities


You were on level 3 of the Dungeon.
You were near starving.

You visited 1 branch of the dungeon, and saw 3 of its levels.
You also visited: Sewer.

You collected 167 gold pieces.

Inventory:

Hand Weapons
 a - a +0 war axe (weapon)
 u - a +1 hand axe of chopping
Armour
 b - a +0 scale mail
 c - a +0 shield (worn)
 r - a +0 chain mail (worn)
Jewellery
 i - a cursed -4 ring of dexterity {unknown}
 s - a cursed -2 ring of slaying {unknown}
 x - an uncursed ring of resist corrosion {unknown}
 D - an uncursed ring of protection from magic {unknown}
Wands
 B - a wand of iceblast (9/15)
Scrolls
 h - 2 scrolls of teleportation
 k - 2 scrolls of identify
 l - 2 scrolls of magic mapping
 t - a scroll of recharging {unknown}
 w - a scroll of random uselessness {unknown}
 y - a scroll of fog {unknown}
 z - a scroll of blinking {unknown}
 A - a scroll of enchant weapon {unknown}
 C - a scroll of fear {unknown}
 E - a scroll of remove curse {unknown}
Potions
 d - a potion of might
 e - a potion of degeneration {unknown}
 g - 2 potions of haste {unknown}
 m - a potion of magic {unknown}
 n - 2 potions of curing {unknown}
 o - 3 potions of flight {unknown}
 p - 3 potions of heal wounds {unknown}
 v - a potion of lignification {unknown}
Comestibles
 f - 2 bread rations
 j - 3 meat rations
 q - 5 fruits


   Skills:
 + Level 4.3 Fighting
 + Level 5.2 Axes
 + Level 4.1 Armour
 + Level 0.4 Dodging
 + Level 0.1 Stealth
 + Level 4.4 Shields


You had 4 spell levels left.
You didn't know any spells.

Dungeon Overview and Level Annotations

Branches:
Dungeon (3/15)

Altars:


Message History

You kill the gnoll!
You feel sick. You block the gnoll's attack.
You feel sick.
You feel sick. You block the gnoll's attack.
You hit the gnoll but do no damage. The gnoll barely misses you.
You block the gnoll's attack.
You closely miss the gnoll.
You feel sick. The gnoll barely misses you. x2
You closely miss the gnoll. The gnoll hits you with a halberd!
The gnoll barely misses you.
You barely miss the gnoll.
You feel sick.
The gnoll hits you from afar with a halberd!
The gnoll barely misses you.
You hit the gnoll.
The gnoll is moderately wounded.
The gnoll hits you with a halberd!
The gnoll hits you from afar with a halberd!
* * * LOW HITPOINT WARNING * * *
You block the gnoll's attack.
The gnoll hits you from afar with a halberd.
You die...

.# ♣♣♣# .# ♣♣♣♣P.P♣
.# ♣.♣...♣ ##.
#♣♣♣.P♣♣♣ #..
##♣P♣..P.P♣ #.#
#...P..♣♣♣♣##g#
#.♣♣..♣♣♣..##g#
#.#♣♣♣♣ #..##@#
####.#######..##.#
...........)..##.###
############..<....#
######## #####...#
##......#
#...####.##....#
#........##....##
##..####.#..♣PP.#
#..#####..♣♣♣PP##


You could see 2 gnolls.

Vanquished Creatures
  A big kobold (Sewer)
  2 gnolls (D:3)
  4 adders
  4 worms
  A dart slug (D:2)
  2 leopard geckos (D:1)
  An orc (D:3)
  A ball python (D:1)
  2 giant cockroaches (D:2)
  4 goblins
  7 hobgoblins
  5 jackals
  4 kobolds
  2 quokkas (D:2)
  4 bats
  3 frilled lizards (D:1)
  14 rats
61 creatures vanquished.

Notes
Turn   | Place    | Note
-------+----------+-------------------------------------------
     0 | D:1      | tmwrnj the Hill Orc Fighter began the quest for the Orb.
     0 | D:1      | Reached XP level 1. HP: 19/19 MP: 1/1
   147 | D:1      | Reached XP level 2. HP: 26/27 MP: 2/2
   266 | D:1      | Reached skill level 3 in Axes
   882 | D:2      | Reached XP level 3. HP: 26/33 MP: 3/3
  1540 | D:2      | Reached XP level 4. HP: 37/40 MP: 4/4
  2036 | D:3      | Reached skill level 4 in Axes
  2261 | D:3      | Found a glowing drain.
  2289 | Sewer    | Entered a sewer
  2363 | Sewer    | Noticed a big kobold
  2383 | Sewer    | Killed a big kobold
  2383 | Sewer    | Reached skill level 5 in Axes
  2383 | Sewer    | Reached XP level 5. HP: 46/47 MP: 5/5
  2422 | Sewer    | Found a white marble altar of Elyvilon.
  2768 | D:3      | HP: 1/47 [gnoll/halberd (14)]
  2768 | D:3      | Slain by a gnoll

Skill      XL: |  1  2  3  4 |
---------------+-------------+-----
Axes           | 3 5 |  5.2
Fighting       | 4 |  4.3
Shields        | 4 |  4.4
Armour         | 4 |  4.1
Dodging        | |  0.4
Stealth        | |  0.1

Action                   |  1- 3 |  4- 6 || total
-------------------------+-------+-------++-------
Melee: War axe           |   143 |   121 ||   264
  Use: Scroll            |       |     2 ||     2
  Eat: Chunk             |     2 |     3 ||     5
Armor: Scale mail        |    45 |       ||    45
       Chain mail        |    21 |    81 ||   102
Dodge: Dodged            |    47 |    40 ||    87
Block: Shield            |    85 |    65 ||   150
